BSA
JERSEY SHORE D-BAGS @ ORLANDO CALRISSIAN
09/09/2029
 
TOP OF THE 1ST
Jersey Shore D-Bags batting - Pitching for Orlando Calrissian : RHP Jorge Jiménez
Pitching: RHP Jorge Jiménez
Batting: LHB Juan Hernández 0-0: Called Strike
0-1: Ground out 4-3 (Groundball, 4)
Batting: RHB Ricardo González 0-0: Fly out, F9 (Flyball, 9S)
Batting: RHB Ben Morton 0-0: Ground out 6-3 (Groundball, 6)
Top of the 1st over - 0 runs, 0 hits, 0 errors, 0 left on base; Jersey Shore 0 - Orlando 0
BOTTOM OF THE 1ST
Orlando Calrissian batting - Pitching for Jersey Shore D-Bags : RHP Martín Ramírez
Pitching: RHP Martín Ramírez
Batting: LHB Danny Allen 0-0: Ball
1-0: Ball
2-0: Called Strike
2-1: SINGLE (Flyball, 4D)
Batting: RHB Sean White 0-0: Ball
1-0: Fly out, F5 (Flyball, 5D)
Batting: RHB Rich Anderson 0-0: Called Strike
0-1: Ball
1-1: Ball
2-1: Ball
3-1: Swinging Strike
3-2: Fly out, F8 (Flyball, 8LM)
Batting: SHB Tim Abbott 0-0: Ball
1-0: Fielders Choice at 2nd, 6-4 (Groundball, 6MD)
Bottom of the 1st over - 0 runs, 1 hit, 0 errors, 1 left on base; Jersey Shore 0 - Orlando 0
TOP OF THE 2ND
Jersey Shore D-Bags batting - Pitching for Orlando Calrissian : RHP Jorge Jiménez
Batting: RHB Miguel Serna 0-0: Fly out, F9 (Flyball, 9S)
Batting: LHB António Cedeño 0-0: Called Strike
0-1: Ball
1-1: DOUBLE (Groundball, 3L)
Batting: LHB Ray Bryant 0-0: Called Strike
0-1: Ball
1-1: Foul Ball, location: 2F
1-2: Foul Ball, location: 2F
1-2: Ground out U3 (Groundball, 3)
António Cedeño to third
Batting: RHB Kel Pierce 0-0: Ball
1-0: DOUBLE (Line Drive, 8LD)
António Cedeño scores
Batting: LHB Ed Murray 0-0: Ball
1-0: Ball
2-0: Called Strike
2-1: Swinging Strike
2-2: Foul Ball, location: 2F
2-2: Foul Ball, location: 2F
2-2: Ground out 5-3 (Groundball, 25)
Top of the 2nd over - 1 run, 2 hits, 0 errors, 1 left on base; Jersey Shore 1 - Orlando 0
BOTTOM OF THE 2ND
Orlando Calrissian batting - Pitching for Jersey Shore D-Bags : RHP Martín Ramírez
Batting: RHB Raúl Canó 0-0: Called Strike
0-1: SOLO HOME RUN (Line Drive, 9D), Distance : 368 ft
Batting: LHB Zack Payton 0-0: Swinging Strike
0-1: Fly out, F7 (Flyball, 78M)
Batting: RHB Gabriel Ángel 0-0: Ball
1-0: Foul Ball, location: 2F
1-1: Called Strike
1-2: Ball
2-2: Strikes out swinging
Batting: RHB Júlio Negrón 0-0: Ball
1-0: Swinging Strike
1-1: Foul Ball, location: 2F
1-2: Ground out 6-3 (Groundball, 6)
Bottom of the 2nd over - 1 run, 1 hit, 0 errors, 0 left on base; Jersey Shore 1 - Orlando 1
TOP OF THE 3RD
Jersey Shore D-Bags batting - Pitching for Orlando Calrissian : RHP Jorge Jiménez
Batting: LHB Albert Morgan 0-0: Ball
1-0: Ball
2-0: Called Strike
2-1: DOUBLE (Line Drive, 8LXD)
Batting: LHB Juan Hernández 0-0: Ground out 4-3 (Groundball, 4M)
Albert Morgan to third
Batting: RHB Ricardo González 0-0: Called Strike
0-1: Foul Ball, location: 2F
0-2: Ball
1-2: Ball
2-2: SINGLE (Groundball, 56D)
Albert Morgan scores
Batting: RHB Ben Morton Pickoff Throw to First - Out!
0-0: Called Strike
0-1: Ball
1-1: DOUBLE (Line Drive, 78D)
Batting: RHB Miguel Serna 0-0: Called Strike
0-1: Ball
1-1: SINGLE (Flyball, 89S)
Ben Morton to third
Runner from 3rd tries for Home, throw and OUT!
Top of the 3rd over - 1 run, 4 hits, 0 errors, 1 left on base; Jersey Shore 2 - Orlando 1
BOTTOM OF THE 3RD
Orlando Calrissian batting - Pitching for Jersey Shore D-Bags : RHP Martín Ramírez
Batting: RHB Robby Lewis 0-0: Called Strike
0-1: Called Strike
0-2: Strikes out swinging
Batting: LHB Danny Allen 0-0: Called Strike
0-1: Ball
1-1: Ball
2-1: SINGLE (Groundball, 34D)
Batting: RHB Sean White 0-0: Called Strike
0-1: Grounds into double play, 4-6-3 (Groundball, 34)
Bottom of the 3rd over - 0 runs, 1 hit, 0 errors, 0 left on base; Jersey Shore 2 - Orlando 1
TOP OF THE 4TH
Jersey Shore D-Bags batting - Pitching for Orlando Calrissian : RHP Jorge Jiménez
Batting: LHB António Cedeño 0-0: Fly out, F7 (Flyball, 78S)
Batting: LHB Ray Bryant 0-0: Ball
1-0: Called Strike
1-1: Ball
2-1: Swinging Strike
2-2: Strikes out swinging
Batting: RHB Kel Pierce 0-0: Ball
1-0: Ball
2-0: Fly out, F8 (Flyball, 8RD)
Top of the 4th over - 0 runs, 0 hits, 0 errors, 0 left on base; Jersey Shore 2 - Orlando 1
BOTTOM OF THE 4TH
Orlando Calrissian batting - Pitching for Jersey Shore D-Bags : RHP Martín Ramírez
Batting: RHB Rich Anderson 0-0: Called Strike
0-1: Ball
1-1: Reached on error, E6 (Groundball, 6)
Batting: SHB Tim Abbott 0-0: Called Strike
0-1: Ball
1-1: 2-RUN HOME RUN (Flyball, 89XD), Distance : 415 ft
Batting: RHB Raúl Canó 0-0: Ball
1-0: Called Strike
1-1: Called Strike
1-2: Foul Ball, location: 2F
1-2: SOLO HOME RUN (Flyball, 7LD), Distance : 350 ft
Batting: LHB Zack Payton 0-0: Ball
1-0: Fly out, F9 (Flyball, 9D)
Batting: RHB Gabriel Ángel 0-0: Called Strike
0-1: Ball
1-1: Foul Ball, location: 2F
1-2: Foul Ball, location: 2F
1-2: Ball
2-2: Strikes out swinging
Batting: RHB Júlio Negrón 0-0: Called Strike
0-1: Ball
1-1: Fly out, F8 (Flyball, 8RD)
Bottom of the 4th over - 3 runs, 2 hits, 1 error, 0 left on base; Jersey Shore 2 - Orlando 4
TOP OF THE 5TH
Jersey Shore D-Bags batting - Pitching for Orlando Calrissian : RHP Jorge Jiménez
Batting: LHB Ed Murray 0-0: Foul Ball, location: 2F
0-1: Ground out 3-1 (Groundball, 34S)
Batting: LHB Albert Morgan 0-0: Called Strike
0-1: Ball
1-1: Ball
2-1: Foul Ball, location: 2F
2-2: SINGLE (Line Drive, 8RM)
Batting: LHB Juan Hernández 0-0: Ball
1-0: Ball
2-0: Called Strike
2-1: Ball
3-1: SINGLE (Groundball, 34D)
Albert Morgan to second
Runner from 2nd tries for 3rd, SAFE, no throw
Batting: RHB Ricardo González 0-0: Called Strike
0-1: Called Strike
0-2: Ball
1-2: Ball
2-2: Strikes out swinging
Batting: RHB Ben Morton 0-0: Ball
1-0: Foul Ball, location: 2F
1-1: Ground out 4-3 (Groundball, 4)
Top of the 5th over - 0 runs, 2 hits, 0 errors, 2 left on base; Jersey Shore 2 - Orlando 4
BOTTOM OF THE 5TH
Orlando Calrissian batting - Pitching for Jersey Shore D-Bags : RHP Martín Ramírez
Batting: RHB Robby Lewis 0-0: DOUBLE (Line Drive, 9D)
Batting: LHB Danny Allen 0-0: Ground out 4-3 (Groundball, 4M)
Robby Lewis to third
Batting: RHB Sean White 0-0: Foul Ball, location: 2F
0-1: Ball
1-1: Fly out, F8 (Flyball, 78M)
Runner from 3rd tags up, SCORES, throw made
Batting: RHB Rich Anderson 0-0: DOUBLE (Line Drive, 78M)
Batting: SHB Tim Abbott 0-0: Ball
1-0: Ground out 6-3 (Groundball, 56)
Bottom of the 5th over - 1 run, 2 hits, 0 errors, 1 left on base; Jersey Shore 2 - Orlando 5
TOP OF THE 6TH
Jersey Shore D-Bags batting - Pitching for Orlando Calrissian : RHP Jorge Jiménez
Batting: RHB Miguel Serna 0-0: Called Strike
0-1: Foul Ball, location: 2F
0-2: Fly out, F8 (Flyball, 8LXD)
Batting: LHB António Cedeño 0-0: SINGLE (Flyball, 7LS)
Batting: LHB Ray Bryant 0-0: Ball
1-0: Fly out, F8 (Flyball, 8LM)
Batting: RHB Kel Pierce 0-0: Foul Ball, location: 2F
0-1: Ball
1-1: Ball
2-1: Fly out, F9 (Line Drive, 9)
Top of the 6th over - 0 runs, 1 hit, 0 errors, 1 left on base; Jersey Shore 2 - Orlando 5
BOTTOM OF THE 6TH
Orlando Calrissian batting - Pitching for Jersey Shore D-Bags : RHP Martín Ramírez
Pitching: LHP Aaron Gibbs
Batting: RHB Raúl Canó 0-0: Foul Ball, location: 2F
0-1: Called Strike
0-2: Ball
1-2: Ball
2-2: Ball
3-2: Strikes out swinging
Batting: LHB Zack Payton 0-0: Ball
1-0: SINGLE (Flyball, 78S)
Batting: RHB Gabriel Ángel 0-0: Foul Ball, location: 2F
0-1: Swinging Strike
0-2: Ball
1-2: Ball
2-2: Ball
3-2: Strikes out swinging
Zack Payton steals 2nd base
Batter strikes out.
Batting: RHB Júlio Negrón 0-0: Ball
1-0: Swinging Strike
1-1: Foul Ball, location: 2F
1-2: Foul Ball, location: 2F
1-2: Ball
2-2: Foul Ball, location: 2F
2-2: Ball
3-2: Strikes out swinging
Bottom of the 6th over - 0 runs, 1 hit, 0 errors, 1 left on base; Jersey Shore 2 - Orlando 5
TOP OF THE 7TH
Jersey Shore D-Bags batting - Pitching for Orlando Calrissian : RHP Jorge Jiménez
Batting: LHB Ed Murray 0-0: Called Strike
0-1: Ball
1-1: Ground out 4-3 (Groundball, 34D)
Batting: LHB Albert Morgan 0-0: Foul Ball, location: 2F
0-1: Ball
1-1: Swinging Strike
1-2: DOUBLE (Line Drive, 8LD)
Batting: LHB Juan Hernández 0-0: Called Strike
0-1: DOUBLE (Line Drive, 8LXD)
Albert Morgan scores
Batting: RHB Ricardo González 0-0: Ball
1-0: Called Strike
1-1: Ball
2-1: Foul Ball, location: 2F
2-2: Ball
Wild Pitch!
Juan Hernández to third
3-2: Base on Balls
Pitching: RHP Lance Sanders
Batting: RHB Ben Morton 0-0: Called Strike
0-1: Foul Ball, location: 2F
0-2: DOUBLE (Flyball, 89XD)
Juan Hernández scores
Ricardo González to third
Ricardo González scores
Batting: RHB Miguel Serna 0-0: Ball
1-0: Ball
2-0: Ball
3-0: Called Strike
3-1: Base on Balls
Batting: LHB António Cedeño 0-0: Called Strike
0-1: Foul Ball, location: 2F
0-2: Grounds into double play, 3-6-3 (Groundball, 34)
Top of the 7th over - 3 runs, 3 hits, 0 errors, 1 left on base; Jersey Shore 5 - Orlando 5
BOTTOM OF THE 7TH
Orlando Calrissian batting - Pitching for Jersey Shore D-Bags : LHP Aaron Gibbs
Batting: RHB Robby Lewis 0-0: Ball
1-0: Called Strike
1-1: DOUBLE (Flyball, 8LXD)
Pinch Hitting: RHB Chet Decker 0-0: Called Strike
0-1: Ball
1-1: Foul Ball, location: 2F
1-2: Ball
2-2: Strikes out looking
Batting: RHB Sean White 0-0: Ball
1-0: SINGLE (Line Drive, 8LS)
Robby Lewis to third
Runner from 3rd tries for Home, SAFE, no throw
Batting: RHB Rich Anderson 0-0: Ball
1-0: Foul Ball, location: 2F
1-1: Called Strike
1-2: Grounds into double play, 6-4-3 (Groundball, 6)
Bottom of the 7th over - 1 run, 2 hits, 0 errors, 0 left on base; Jersey Shore 5 - Orlando 6
TOP OF THE 8TH
Jersey Shore D-Bags batting - Pitching for Orlando Calrissian : RHP Lance Sanders
Now in RF: Brian Price
Batting: LHB Ray Bryant 0-0: Foul Ball, location: 2F
0-1: Foul Ball, location: 2F
0-2: Fly out, F9 (Flyball, 9D)
Batting: RHB Kel Pierce 0-0: Ball
1-0: Ground out 3-1 (Groundball, 34S)
Batting: LHB Ed Murray 0-0: Called Strike
0-1: Ball
1-1: Foul Ball, location: 2F
1-2: Ball
2-2: Strikes out swinging
Top of the 8th over - 0 runs, 0 hits, 0 errors, 0 left on base; Jersey Shore 5 - Orlando 6
BOTTOM OF THE 8TH
Orlando Calrissian batting - Pitching for Jersey Shore D-Bags : LHP Aaron Gibbs
Batting: SHB Tim Abbott 0-0: Ball
1-0: Foul Ball, location: 2F
1-1: Foul Ball, location: 2F
1-2: Strikes out swinging
Batting: RHB Raúl Canó 0-0: Called Strike
0-1: Ball
1-1: Ball
2-1: Ball
3-1: Base on Balls
Batting: LHB Zack Payton 0-0: Fly out, F5 (Popup, 6S)
Batting: RHB Gabriel Ángel 0-0: Called Strike
0-1: Ball
1-1: Called Strike
1-2: Strikes out swinging
Bottom of the 8th over - 0 runs, 0 hits, 0 errors, 1 left on base; Jersey Shore 5 - Orlando 6
TOP OF THE 9TH
Jersey Shore D-Bags batting - Pitching for Orlando Calrissian : RHP Lance Sanders
Pitching: RHP Dave Heath
Batting: LHB Albert Morgan 0-0: Ball
1-0: Ball
2-0: Foul Ball, location: 2F
2-1: Called Strike
2-2: Strikes out swinging
Batting: LHB Juan Hernández 0-0: Ball
1-0: SOLO HOME RUN (Line Drive, 89D), Distance : 396 ft
Batting: RHB Ricardo González 0-0: Ball
1-0: Swinging Strike
1-1: Ground out 4-3 (Groundball, 4)
Batting: RHB Ben Morton 0-0: SINGLE (Line Drive, 9S)
Batting: RHB Miguel Serna 0-0: Ball
1-0: Swinging Strike
1-1: Ball
2-1: Called Strike
2-2: Strikes out swinging
Top of the 9th over - 1 run, 2 hits, 0 errors, 1 left on base; Jersey Shore 6 - Orlando 6
BOTTOM OF THE 9TH
Orlando Calrissian batting - Pitching for Jersey Shore D-Bags : LHP Aaron Gibbs
Pitching: RHP John Hall
Batting: RHB Júlio Negrón 0-0: Ball
1-0: Swinging Strike
1-1: Foul Ball, location: 2F
1-2: SINGLE (Flyball, 8LS)
Pinch Hitting: LHB Juan Colón 0-0: Ball
1-0: Ball
2-0: Ball
3-0: Called Strike
3-1: Called Strike
3-2: Strikes out swinging
Júlio Negrón steals 2nd base
Batter strikes out.
Batting: SHB Brian Price 0-0: Called Strike
0-1: Ball
1-1: Foul Ball, location: 2F
1-2: Ball
2-2: Ground out U3 (Groundball, 34)
Júlio Negrón to third
Batting: RHB Sean White 0-0: SINGLE (Groundball, 6MD)
Júlio Negrón scores
Saturday, December 16th, 2017 - OOTP Baseball 18.8 Build 76